 Dungeon Crawl Stone Soup version 0.28.0-43-g3370ac3207 (webtiles) character file.

Game seed: 18430583009513694838

1263 croobank the Skirmisher (level 8, -2/73 HPs)
             Began as a Hill Orc Fighter on Mar 13, 2022.
             Killed from afar by an orc wizard (12 damage)
             ... with a puff of flame
             ... on level 7 of the Dungeon.
             The game lasted 00:15:13 (4270 turns).

croobank the Skirmisher (Hill Orc Fighter)          Turns: 4270, Time: 00:15:14

Health: -2/73      AC: 13    Str: 21    XL:     8   Next: 52%
Magic:  8/8        EV:  7    Int:  8    God:
Gold:   161        SH:  6    Dex: 16    Spells: 7/7 levels left

rFire   . . .      SeeInvis .   a - +1 war axe
rCold   . . .      Faith    .   c - +0 buckler
rNeg    . . .      Spirit   .   z - +3 chain mail {rPois}
rPois   +          Reflect  .   (no helmet)
rElec   .          Harm     .   (no cloak)
rCorr   +          Rampage  .   (no gloves)
Will    .....                   (no boots)
Stlth   ..........              i - amulet of magic regeneration
HPRegen 0.22/turn               o - ring "Urugett" {rPois rCorr}
MPRegen 0.51/turn               B - +6 ring of dexterity

@: no status effects
A: no striking features
a: no special abilities


You were on level 7 of the Dungeon.
You visited 1 branch of the dungeon, and saw 7 of its levels.

You collected 161 gold pieces.

Inventory:

Hand Weapons
 a - a +1 war axe (weapon)
 l - a +3 dagger
 p - a +2 dagger of distortion
 s - a +0 long sword
 t - a +2 dagger of electrocution
Missiles
 f - 86 stones (quivered)
 g - 21 bolts
 u - 6 poisoned darts
 w - 38 arrows
 A - 8 sling bullets
Armour
 b - a +0 scale mail
 c - a +0 buckler (worn)
 z - a +3 chain mail of poison resistance (worn)
Jewellery
 i - an amulet of magic regeneration (around neck)
 o - the ring "Urugett" (left hand) {rPois rCorr}
   (You found it on level 3 of the Dungeon)

   [ring of poison resistance]

   rPois:     It protects you from poison.
   rCorr:     It protects you from acid and corrosion.
 B - a +6 ring of dexterity (right hand)
Scrolls
 m - 3 scrolls of silence
Potions
 d - a potion of might
 e - a potion of cancellation {unknown}
 j - 2 potions of flight
 k - 2 potions of brilliance {unknown}
 n - 2 potions of curing
 q - a potion of attraction {unknown}
 v - a potion of invisibility {unknown}


   Skills:
 + Level 7.0 Fighting
 + Level 7.0 Axes
 + Level 6.3 Armour
 + Level 6.4 Shields


You had 7 spell levels left.
You didn't know any spells.
Your spell library contained the following spells:

 Spells                   Type           Power      Damage    Failure   Level
 Magic Dart               Conj           0%         1d3       99%         1
 Blink                    Tloc           0%         N/A       100%        2
 Searing Ray              Conj           0%         2d4       100%        2
 Gell's Gravitas          Tloc           0%         N/A       100%        3
 Lesser Beckoning         Tloc           0%         N/A       100%        3
 Mephitic Cloud           Conj/Pois/Air  0%         N/A       100%        3
 Teleport Other           Tloc           0%         N/A       100%        3
 Fulminant Prism          Conj/Hex       0%         3d6       100%        4
 Summon Ice Beast         Ice/Summ       0%         N/A       100%        4
 Manifold Assault         Tloc           0%         N/A       100%        5
 Storm Form               Tmut/Air       0%         N/A       100%        7
 Summon Hydra             Summ           0%         N/A       100%        7


Dungeon Overview and Level Annotations

Branches:
Dungeon (7/15)             Temple (0/1) D:4

Altars:
Trog

Shops:
D:1 =


Message History

You block the vampire mosquito's attack.
The centaur skeleton hits you but does no damage.
The centaur skeleton kicks you but does no damage.
Found 2 bubbling silvery potions and a scroll of identify.
The vampire mosquito closely misses you.
The water moccasin skeleton bites you but does no damage.
As you read the scroll labelled LUTTI HIBAA, it crumbles to dust.
It is a scroll of amnesia.
You feel forgetful for a moment.
The vampire mosquito bites you but does no damage.
The bullfrog zombie hits you but does no damage.
The centaur skeleton hits you.
* * * LOW HITPOINT WARNING * * *
The centaur skeleton kicks you but does no damage.
The water moccasin skeleton bites you.
* * * LOW HITPOINT WARNING * * *
The vampire mosquito barely misses you. The bullfrog zombie barely misses you.
As you read the scroll labelled VOUPROITUNK, it crumbles to dust.
You feel strangely unstable.
It was a scroll of teleportation.
You block the centaur skeleton's attack.
The centaur skeleton closely misses you.
The vampire mosquito barely misses you.
The water moccasin skeleton bites you but does no damage.
The bullfrog zombie hits you but does no damage.
The vampire mosquito barely misses you.
The centaur skeleton hits you but does no damage.
You block the centaur skeleton's attack.
The water moccasin skeleton bites you but does no damage.
The centaur skeleton hits you but does no damage.
The centaur skeleton kicks you but does no damage.
You block the vampire mosquito's attack.
Your surroundings suddenly seem different.
An orc wizard and 3 orcs come into view.
An orc is wielding a +1 dagger of electrocution.
Found a robe.
The orc wizard shouts!
The orc shouts! x3; You hear a shout!
An orc comes into view. It is wielding a +0 hand axe.
The orc wizard points at you and mumbles some strange words.
The puff of flame hits you!
You die...

#.. . #.#
.. ## ..##
... #.###..
... #.#.o#
..#
#.#.#...#..
#...oo..[..
#.....o....
#@o........
#.###...###
#.. ...#
#.## ...#
..# ### ..#
#..# #..#


You could see an orc wizard and 4 orcs.

Vanquished Creatures
  Eustachio (D:5)
  A vampire mosquito (D:6)
  A water moccasin (D:5)
  A sky beast (D:5)
  A phantom (D:5)
  2 bullfrogs (D:6)
  A bullfrog zombie (D:3)
  3 jellies
  A bullfrog skeleton (D:5)
  A hound (D:6)
  3 centaur skeletons
  3 iguanas
  An orc wizard (D:4)
  A howler monkey zombie (D:4)
  5 gnolls
  9 adders
  An ufetubus (D:5)
  5 orcs
  10 ball pythons
  8 endoplasms
  5 giant cockroaches
  9 goblins
  6 hobgoblins
  3 jackals (D:1)
  9 kobolds
  5 quokkas
  6 bats
  4 frilled lizards
  8 rats
114 creatures vanquished.

Notes
Turn   | Place    | Note
-------+----------+-------------------------------------------
     0 | D:1      | croobank the Hill Orc Fighter began the quest for the Orb.
     0 | D:1      | Reached XP level 1. HP: 19/19 MP: 1/1
     9 | D:1      | Found Zaclats's Jewellery Shop.
   135 | D:1      | Reached XP level 2. HP: 15/27 MP: 2/2
   307 | D:1      | Reached XP level 3. HP: 31/33 MP: 3/3
   318 | D:1      | Got Sif Muna's Catalogue of Supportive Lightness
   815 | D:1      | Found a faded altar of an unknown god.
  1001 | D:2      | Reached XP level 4. HP: 41/41 MP: 4/4
  1238 | D:2      | Found a bloodstained altar of Trog.
  1755 | D:3      | Reached XP level 5. HP: 40/47 MP: 5/5
  2045 | D:3      | Identified the ring "Urugett" {rPois rCorr}
  2337 | D:4      | Found a staircase to the Ecumenical Temple.
  2454 | D:4      | Reached skill level 5 in Fighting
  2576 | D:4      | Reached XP level 6. HP: 56/56 MP: 6/6
  2887 | D:5      | Entered Level 5 of the Dungeon
  2971 | D:5      | Noticed a sky beast
  2982 | D:5      | Killed a sky beast
  2983 | D:5      | Reached skill level 5 in Axes
  2983 | D:5      | Reached skill level 5 in Shields
  3356 | D:5      | Noticed Eustachio
  3371 | D:5      | Reached skill level 5 in Armour
  3372 | D:5      | Killed Eustachio
  3373 | D:5      | Reached XP level 7. HP: 29/62 MP: 7/7
  3809 | D:5      | Reached XP level 8. HP: 71/71 MP: 8/8
  4270 | D:7      | Killed from afar by an orc wizard

Illustrated notes

Levels and vault maps discovered:
D:1:      dpeg_arrival_tiny_c, layout_rooms, serial_shops, shop,
          nicolae_ecumenical_snake_handling, st_stairs_1
D:2:      layout_basic, basic_altar
D:3:      layout_rooms
D:4:      layout_cave_pools, minmay_temple_entry_ruins
D:5:      layout_basic, uniq_eustachio
D:6:      minmay_diamond_boxcup, layout_loops_corners, uniq_crazy_yiuf_cottage
D:7:      layout_loops_ring, lemuel_doored_altar, kennysheep_decorative_pillar,
          serial_bayou_pond_e

Skill      XL: |  1  2  3  4  5  6  7  8 |
---------------+-------------------------+-----
Axes           | 3 4 5 6 7 |  7.0
Fighting       | 4 5 6 7 |  7.0
Shields        | 4 5 6 |  6.4
Armour         | 4 5 6 |  6.3

Action                   |  1- 3 |  4- 6 |  7- 9 || total
-------------------------+-------+-------+-------++-------
Melee: War axe           |    81 |   161 |    71 ||   313
Throw: Stone             |       |    14 |       ||    14
  Use: Scroll            |     1 |     4 |     4 ||     9
       Potion            |       |     1 |     2 ||     3
Armor: Scale mail        |    55 |   101 |       ||   156
       Chain mail        |       |       |    87 ||    87
Dodge: Dodged            |    35 |    73 |    61 ||   169
Block: Buckler           |    25 |    37 |    47 ||   109
